 Dungeon Crawl Stone Soup version 0.30.1-11-g7821555f0a (webtiles) character file.

Game seed: 3351476914800080040

6438 Peloso the Carver (level 10, -2/96 HPs)
             Began as a Minotaur Fighter on Nov 6, 2023.
             Was a Believer of Okawaru.
             Killed from afar by an acid dragon (29 damage)
             ... with a splash of acid
             ... on level 9 of the Dungeon.
             The game lasted 00:15:50 (7737 turns).

Peloso the Carver (Minotaur Fighter)                Turns: 7737, Time: 00:15:51

Health: -2/96      AC: 14    Str: 22    XL:     10   Next: 67%
Magic:  9/9        EV: 10    Int:  5    God:    Okawaru [**....]
Gold:   645        SH:  6    Dex: 16    Spells: 9/9 levels left

rFire   . . .        a - +2 long sword
rCold   . . .        d - +0 buckler
rNeg    . . .        c - +0 chain mail
rPois   .            (helmet restricted)
rElec   .            A - scarf {repulsion}
rCorr   .            t - +2 pair of gloves {Dex+3}
SInv    .            z - +0 pair of boots
Will    .....        q - amulet of the acrobat Stlth
                     (no ring)
HPRegen 0.36/turn    (no ring)
MPRegen 0.11/turn

%: repel missiles, acrobat
@: corroded
A: horns 2, retaliatory headbutt, iridescent scales 1, robust 1
a: Renounce Religion, Heroism


You were on level 9 of the Dungeon.
You worshipped Okawaru.
Okawaru was pleased with you.
You visited 2 branches of the dungeon, and saw 10 of its levels.
You also visited: Ossuary.

You collected 645 gold pieces.

Inventory:

Hand Weapons
 a - a +2 long sword (weapon)
 b - a +0 broad axe of flaming
Armour
 c - a +0 chain mail (worn)
 d - a +0 buckler (worn)
 t - a +2 pair of gloves of dexterity (worn)
 u - the +5 chain mail "Pam Zeb" {rF+ Will- rCorr}
   (You found it on level 3 of the Dungeon)

   rF:        It protects you from fire.
   rCorr:     It protects you from acid and corrosion.
   Will:      It decreases your willpower.
 z - a +0 pair of boots (worn)
 A - a scarf of repulsion (worn)
Jewellery
 f - a +6 ring of intelligence
 n - an amulet of magic regeneration
 q - an amulet of the acrobat (around neck)
Wands
 p - a wand of flame (6)
Scrolls
 h - 3 scrolls of amnesia
 j - 3 scrolls of blinking
 m - 2 scrolls of magic mapping
 o - 2 scrolls of fear
 w - 2 scrolls of enchant armour
 x - a scroll of poison
 y - 2 scrolls of teleportation
 D - a scroll of enchant weapon
 G - a scroll of acquirement {unknown}
 H - a scroll of immolation {unknown}
Potions
 e - 9 potions of curing
 g - 3 potions of mutation
 i - 3 potions of lignification {unknown}
 l - 4 potions of magic {unknown}
 r - 5 potions of might
 s - 2 potions of haste
 v - 3 potions of brilliance
 B - 4 potions of heal wounds
 C - 4 potions of flight
 F - a potion of berserk rage {unknown}
Miscellaneous
 I - a phial of floods


   Skills:
 + Level 7.9 Fighting
 + Level 12.2 Long Blades
 + Level 10.2 Armour
 + Level 3.8 Dodging
 + Level 1.3 Stealth
 + Level 9.2 Shields
 + Level 0.3 Invocations
 + Level 0.2 Evocations


You had 9 spell levels left.
You didn't know any spells.
Your spell library contained the following spells:

 Spells                   Type           Power      Damage    Failure   Level
 Static Discharge         Conj/Air       0%         2-2/arc   99%         2
 Dazzling Flash           Conj/Hex       0%         N/A       100%        3
 Ozocubu's Armour         Ice            0%         N/A       100%        3
 Portal Projectile        Hex/Tloc       0%         N/A       100%        3
 Volatile Blastmotes      Fire/Tloc      0%         2d10      100%        3
 Airstrike                Air            0%         2d(0-16)  100%        4
 Iskenderun's Mystic Bla  Conj/Tloc      0%         2d3       100%        4
 Blade Hands              Tmut           0%         N/A       100%        5
 Starburst                Conj/Fire      0%         6d3       100%        6
 Ozocubu's Refrigeration  Ice            0%         4d7       100%        7
 Tukima's Dance           Hex            Unusable   N/A       N/A         3
 Summon Lightning Spire   Summ/Air       Unusable   N/A       N/A         4

Dungeon Overview and Level Annotations

Branches:
Dungeon (9/15)             Temple (1/1) D:5         Ossuary (visited)
   Lair: D:8-11         Orc: D:9-12

Altars:
Ashenzari
Cheibriados
Fedhas
Gozag
Hepliaklqana
Makhleb
Okawaru
Qazlal
Ru
Xom
Zin

Shops:
D:2 =   D:5 :

Annotations:
D:2 1 runed translucent door, Crazy Yiuf
D:4 Dig


Innate Abilities, Weirdness & Mutations

You have a pair of horns on your head.
You reflexively headbutt those who attack you in melee.
You are partially covered in iridescent scales. (AC +2)
You are robust. (+10% HP)


Message History

You closely miss the centaur.
The centaur is lightly wounded.
The centaur hits you but does no damage.
The centaur kicks you but does no damage.
You slash the centaur!
The centaur is severely wounded.
The centaur closely misses you.
The centaur kicks you but does no damage.
The centaur hits you but does no damage.
The centaur kicks you but does no damage.
You slash the centaur!
You kill the centaur!
Okawaru accepts your kill.
You see here a +0 shortbow.
An acid dragon comes into view.
An acid dragon is nearby!
Aiming: Throw Flame
Press: ? - help, Shift-Dir - straight line, f - acid dragon
Aim: an acid dragon (wandering, hasn't noticed you, 68% to hit)
The puff of flame hits the acid dragon!
The acid dragon is moderately wounded.
The acid dragon roars!
The acid dragon spits acid at you. The splash of acid hits you!!
* * * LOW HITPOINT WARNING * * *
The acid corrodes you!
Aiming: Throw Flame
Press: ? - help, Shift-Dir - straight line, f/p - acid dragon
Aim: an acid dragon (moderately wounded, catching its breath, 68% to hit)
The puff of flame hits the acid dragon.
The acid dragon is heavily wounded.
Unknown command.
Aiming: Throw Flame
Press: ? - help, Shift-Dir - straight line, f/p - acid dragon
Aim: an acid dragon (heavily wounded, 68% to hit)
The puff of flame hits the acid dragon.
The acid dragon is severely wounded.
The acid dragon spits acid at you. The splash of acid hits you!!
You die...

....................
..........?.........
........)...D....#...
.......<).......###...
.......))........#....
......................
......................
.#....................
##....<.....@........
#..........).........
......................
...........#..........
........###.........
........#..........
.......)............
....................
....................


You could see an acid dragon (catching breath).

Vanquished Creatures
  3 two-headed ogres
  Pikel (D:7)
  Maggie (D:6)
  A hornet (D:7)
  A shadow (D:6)
  3 slime creatures (D:9)
  A wyvern (D:9)
  Eustachio (D:6)
  2 water moccasins
  A sky beast (D:8)
  An ice beast (D:7)
  2 ogres
  3 centaurs
  2 phantoms
  2 kobold brigands
  Blork the orc (D:5)
  3 bullfrogs
  2 scorpions (D:6)
  5 wights
  4 killer bees (D:8)
  4 jellies
  3 gnoll boudas
  An orc priest (D:4)
  4 hounds
  A sleepcap (D:8)
  3 iguanas
  4 orc wizards
  8 mummies (Ossuary)
  7 adders
  8 gnolls
  A white imp (D:6)
  2 worms (D:3)
  2 dart slugs
  16 orcs
  4 ball pythons
  4 bats
  8 endoplasms
  3 giant cockroaches
  5 goblins
  6 hobgoblins
  3 jackals (D:4)
  5 quokkas
  3 frilled lizards
  A gnoll zombie (Ossuary)
  3 hobgoblin zombies (Ossuary)
  15 kobolds
  4 kobold zombies (Ossuary)
  4 rats
172 creatures vanquished.

Vanquished Creatures (others)
  A jelly (D:5)
1 creature vanquished.

Grand Total: 173 creatures vanquished

Notes
Turn   | Place    | Note
-------+----------+-------------------------------------------
     0 | D:1      | Peloso the Minotaur Fighter began the quest for the Orb.
     0 | D:1      | Reached XP level 1. HP: 19/19 MP: 0/0
   156 | D:1      | Reached XP level 2. HP: 24/27 MP: 1/1
   356 | D:1      | Found a faded altar of an unknown god.
   415 | D:1      | Gained mutation: You expend magic power (3 MP) to
                  | strengthen your wands. [potion of mutation]
   415 | D:1      | Gained mutation: Your muscles are strong. (Str +4, Int/Dex
                  | -1) [potion of mutation]
   415 | D:1      | Gained mutation: Your movements are slightly less
                  | encumbered by armour. (ER -2) [potion of mutation]
   416 | D:1      | Lost mutation: You expend magic power (3 MP) to strengthen
                  | your wands. [potion of mutation]
   416 | D:1      | Lost mutation: Your muscles are strong. (Str +4, Int/Dex
                  | -1) [potion of mutation]
   416 | D:1      | Lost mutation: Your movements are slightly less encumbered
                  | by armour. (ER -2) [potion of mutation]
   416 | D:1      | Gained mutation: You are partially covered in iridescent
                  | scales. (AC +2) [potion of mutation]
   416 | D:1      | Gained mutation: You are robust. (+10% HP) [potion of
                  | mutation]
   816 | D:2      | Reached XP level 3. HP: 36/36 MP: 2/2
  1016 | D:2      | Found Inesm's One-of-a-Kind Rings.
  1066 | D:2      | Found a runed translucent door.
  1067 | D:2      | Noticed Crazy Yiuf
  1647 | D:3      | Reached skill level 3 in Long Blades
  2092 | D:3      | Reached XP level 4. HP: 44/44 MP: 3/3
  2137 | D:3      | Reached skill level 4 in Long Blades
  2298 | D:3      | Identified the +5 chain mail "Pam Zeb" {rF+ Will- rCorr}
  2493 | D:4      | Reached skill level 1 in Dodging
  2493 | D:4      | Reached XP level 5. HP: 38/50 MP: 4/4
  2668 | D:4      | Found a blossoming altar of Fedhas.
  3034 | D:5      | Entered Level 5 of the Dungeon
  3082 | D:5      | Noticed a phantom
  3093 | D:5      | Killed a phantom
  3094 | D:5      | Reached skill level 5 in Long Blades
  3094 | D:5      | Reached skill level 5 in Shields
  3094 | D:5      | Reached XP level 6. HP: 59/60 MP: 5/5
  3150 | D:5      | Found Orusikh's Tremendous Tomes.
  3220 | D:5      | Reached skill level 5 in Fighting
  3383 | D:5      | You fall into a shaft and drop 2 floors!
  3472 | D:7      | Noticed Pikel
  3477 | D:7      | Noticed a water moccasin
  3498 | D:7      | Killed Pikel
  3499 | D:7      | Reached skill level 7 in Long Blades
  3499 | D:7      | Reached XP level 7. HP: 22/68 MP: 6/6
  3510 | D:7      | Reached XP level 8. HP: 29/77 MP: 7/7
  3628 | D:7      | Found a sand-covered staircase.
  3635 | Ossuary  | Entered an ossuary
  4465 | D:6      | Reached skill level 8 in Long Blades
  4634 | D:6      | Noticed Maggie
  4646 | D:6      | Killed Maggie
  4711 | D:6      | Noticed Eustachio
  4741 | D:6      | Killed Eustachio
  4742 | D:6      | Reached skill level 9 in Long Blades
  4848 | D:5      | Noticed Blork the orc
  4872 | D:6      | Reached XP level 9. HP: 60/84 MP: 8/8
  4953 | D:5      | Killed Blork the orc
  5299 | D:5      | Found a staircase to the Ecumenical Temple.
  5305 | Temple   | Entered the Ecumenical Temple
  5328 | Temple   | Became a worshipper of Warmaster Okawaru
  5813 | D:6      | Reached skill level 1 in Stealth
  6215 | D:7      | Noticed a two-headed ogre
  6228 | D:7      | Killed a two-headed ogre
  6229 | D:7      | Reached skill level 10 in Long Blades
  6555 | D:7      | Reached * piety under Okawaru
  6709 | D:8      | Reached skill level 11 in Long Blades
  6825 | D:8      | Reached XP level 10. HP: 87/94 MP: 9/9
  6970 | D:8      | Noticed a two-headed ogre
  6987 | D:8      | Killed a two-headed ogre
  7037 | D:8      | Noticed a two-headed ogre
  7042 | D:8      | Killed a two-headed ogre
  7132 | D:8      | Reached ** piety under Okawaru
  7693 | D:9      | Reached skill level 10 in Armour
  7703 | D:9      | Reached skill level 12 in Long Blades
  7737 | D:9      | Killed from afar by an acid dragon

Illustrated notes

Levels and vault maps discovered:
D:1:      dpeg_arrival_connections, layout_loops_cross, basic_ecumenical_altar
D:2:      layout_loops_ring, kennysheep_flooded_box, nicolae_shop_unique_rings,
          ebering_dispersal_statue_hall, uniq_crazy_yiuf_cottage
D:3:      layout_rooms, nicolae_half_adder
D:4:      layout_cave_pools, mainiacjoe_overflow_alcove_2, serial_glass,
          glass_columns_c, glass_columns_a, feat_on_display, item_on_display_a,
          due_unseen_surprise, feat_on_display
D:5:      layout_basic, minmay_temple_entry_enclosed_plants,
          nicolae_shop_i_like_big_books, nicolae_figureground_pulse,
          uniq_blork_the_orc
D:6:      layout_loops_cross, uniq_eustachio, uniq_maggie
D:7:      layout_loops_ring, chequers_ossuary_entry_cave, kennysheep_dice,
          uniq_pikel
D:8:      layout_cave_pools
D:9:      layout_big_octagon, nicolae_overflow_hidden_temple,
          nicolae_take_the_stairs
Temple:   nicolae_temple_bog_church

Skill      XL: |  1  2  3  4  5  6  7  8  9 10 |
---------------+-------------------------------+-----
Fighting       | 4 5 6 7 |  7.9
Shields        | 4 5 6 7 8 9 |  9.2
Armour         | 4 6 7 9 10 | 10.2
Long Blades    | 3 4 5 7 9 11 12 | 12.2
Dodging        | 1 2 3 |  3.8
Stealth        | 1 |  1.3
Invocations    | |  0.3
Evocations     | |  0.2

Action                     |  1- 3 |  4- 6 |  7- 9 | 10-12 || total
---------------------------+-------+-------+-------+-------++-------
  Melee: Long sword        |   105 |   110 |   273 |    91 ||   579
         Headbutt          |    11 |    16 |    54 |    21 ||   102
 Invoke: Heroism           |       |       |       |     2 ||     2
  Evoke: Wand              |       |       |     1 |     6 ||     7
    Use: Potion            |     4 |     1 |       |       ||     5
         Scroll            |     1 |       |    10 |     1 ||    12
 Armour: Scale mail        |    55 |       |       |       ||    55
         Chain mail        |     2 |    74 |   135 |    41 ||   252
  Dodge: Dodged            |    38 |    68 |   138 |    84 ||   328
  Block: Buckler           |    22 |    35 |    77 |    54 ||   188
